 Dungeon Crawl Stone Soup version 0.26.0-7-g794d0892b4 (webtiles) character file.

Game seed: 17120691481452176375

207 lessens the Slasher (level 5, -2/32 HPs)
             Began as a Tengu Abyssal Knight on Jan 11, 2021.
             Was a Believer of Lugonu.
             Slain by Sigmund
             ... wielding a +0 scythe
              (9 damage)
             ... on level 3 of the Dungeon.
             The game lasted 00:04:19 (3303 turns).

lessens the Slasher (Tengu Abyssal Knight)          Turns: 3303, Time: 00:04:20

Health: -2/32      AC:  3    Str: 13    XL:     5   Next: 85%
Magic:  7/7        EV: 13    Int: 13    God:    Lugonu [**....]
Gold:   106        SH:  5    Dex: 13    Spells: 4/4 levels left

rFire    . . .     SeeInvis .   a - +1 falchion
rCold    + . .     Faith    .   (no shield)
rNeg     . . .     Spirit   .   b - +0 leather armour
rPois    .         Reflect  +   (helmet restricted)
rElec    .         Harm     .   (no cloak)
rCorr    .         Rampage  .   (no gloves)
Will     .....                  (boots unavailable)
Stlth    +.........             g - amulet of reflection
HPRegen  0.10/turn              l - ring of flight
MPRegen  0.10/turn              s - ring of protection from cold

@: flying quickly and evasively, quick
A: beak, talons 3, able to fly
a: Stop Flying, Renounce Religion, Depart the Abyss, Bend Space


You were on level 3 of the Dungeon.
You worshipped Lugonu.
Lugonu was pleased with you.
You visited 1 branch of the dungeon, and saw 3 of its levels.
You visited the Abyss 1 time.
You also visited: Sewer.

You collected 106 gold pieces.

Inventory:

Hand Weapons
 a - a +1 falchion (weapon)
Missiles
 d - 89 stones
 n - 19 poisoned darts
 r - 5 atropa-tipped darts
Armour
 b - a +0 leather armour (worn)
 v - a +0 troll leather armour {Purgy}
Jewellery
 g - an amulet of reflection (around neck)
 l - a ring of flight (left hand)
 s - a ring of protection from cold (right hand)
Wands
 x - a wand of paralysis (4)
Scrolls
 h - a scroll of remove curse
 j - a scroll of amnesia {unknown}
 k - 3 scrolls of fear {unknown}
 m - a scroll of blinking {unknown}
 o - a scroll of immolation {unknown}
 q - a scroll of identify {unknown}
 t - 3 scrolls of teleportation
 w - a scroll of magic mapping {unknown}
Potions
 c - a potion of heal wounds
 e - a potion of berserk rage {unknown}
 f - 2 potions of flight {unknown}
 i - 2 potions of curing
 p - 2 potions of brilliance {unknown}
 u - a potion of might {unknown}


   Skills:
 - Level 3.0 Fighting
 + Level 6.4 Long Blades
 - Level 2.1 Armour
 - Level 1.1 Dodging
 - Level 1.5 Invocations


You had 4 spell levels left.
You didn't know any spells.
Your spell library was empty.

Dungeon Overview and Level Annotations

Branches:
Dungeon (3/15)              Sewer (visited)

Altars:

Annotations:
D:3 Sigmund


Innate Abilities, Weirdness & Mutations

You have a beak for a mouth.
You have claws for feet.
You can fly continuously.


Message History

No target in view!
You hear some strange, mumbled words.
You are confused.
Things that are here:
a +0 short sword; a goblin corpse; an orc corpse You bump into the rock wall.
Something hits you.
You closely miss something. You claw something. Your peck misses something.
Something hits you!
You barely miss something. You closely miss something. Something hits you.
You hit something. Your kick misses something. Something hits you.
* * * LOW HITPOINT WARNING * * *
You feel less confused.
Okay, then.
Something hits you.
* * * LOW HITPOINT WARNING * * *
Things that are here:
a +0 short sword; a goblin corpse; an orc corpse You hit something.
You peck something. Something hits you!
You die...

#........
#........
####........
#######...........
.................
................
#. #...{.......
#.## #@....[..
#..#####..######
#.....#..##
##.##...##
#.###..# #..###.#
##.#...#
.####...#.####
........#.....#


There were no monsters in sight!

Vanquished Creatures
  Purgy (Sewer)
  2 adders (D:2)
  A river rat (D:3)
  2 worms
  3 dart slugs (D:1)
  A leopard gecko (D:2)
  2 orcs (D:3)
  A giant cockroach (D:3)
  6 goblins
  12 hobgoblins
  5 jackals
  5 ball pythons
  11 bats
  3 frilled lizards
  4 kobolds
  A leopard gecko skeleton (D:3)
  7 rats
67 creatures vanquished.

Notes
Turn   | Place    | Note
-------+----------+-------------------------------------------
     0 | Abyss:1  | lessens the Tengu Abyssal Knight began the quest for the
                  | Orb.
     0 | Abyss:1  | Reached XP level 1. HP: 14/14 MP: 3/3
    50 | D:1      | Escaped the Abyss
   436 | D:1      | Reached skill level 3 in Long Blades
   436 | D:1      | Reached XP level 2. HP: 19/19 MP: 4/4
   927 | D:1      | Reached XP level 3. HP: 22/23 MP: 5/5
   966 | D:1      | Reached ** piety under Lugonu
  1231 | D:1      | Reached skill level 4 in Long Blades
  1715 | D:2      | Reached XP level 4. HP: 27/28 MP: 6/6
  2700 | D:3      | Reached skill level 5 in Long Blades
  2742 | D:3      | Found a glowing drain.
  2948 | Sewer    | Entered a sewer
  3018 | Sewer    | Noticed Purgy
  3050 | Sewer    | Killed Purgy
  3051 | Sewer    | Reached skill level 6 in Long Blades
  3051 | Sewer    | Gained mutation: You can fly continuously. [Tengu growth]
  3051 | Sewer    | Reached XP level 5. HP: 16/32 MP: 7/7
  3290 | D:3      | Noticed Sigmund
  3303 | D:3      | Slain by Sigmund

Illustrated notes

Levels and vault maps discovered:
D:1:      dpeg_arrival_orchard, layout_loops_corners, minmay_cupped
D:2:      layout_basic, serial_park_tiny_pond, minmay_small_reverse_x
D:3:      layout_rooms, general_overflow_altar, cheibrodos_sewer_entry_sluice,
          uniq_sigmund

Skill      XL: |  1  2  3  4 |
---------------+-------------+-----
Long Blades    | 3 4 6 |  6.4
Fighting       | |  3.0
Armour         | |  2.1
Dodging        | |  1.1
Invocations    | |  1.5

Action                   |  1- 3 |  4- 6 || total
-------------------------+-------+-------++-------
Melee: Falchion          |    80 |    87 ||   167
       Kick              |    16 |    25 ||    41
       Peck              |    10 |    14 ||    24
 Abil: Evoke Flight      |       |     1 ||     1
       Fly               |       |     1 ||     1
  Use: Scroll            |       |     2 ||     2
       Potion            |       |     2 ||     2
 Stab: Sleeping          |     1 |       ||     1
Armor: Leather armour    |    26 |    15 ||    41
Dodge: Dodged            |    67 |    68 ||   135
Block: Other             |       |    18 ||    18
       Rpst.: Falchion   |    15 |    16 ||    31
